 Dungeon Crawl Stone Soup version 0.21.0-34-g9234887 (webtiles) character file.

111 Mirai the Conjurer (level 4, -4/24 HPs)
             Began as a Deep Elf Conjurer on Jan 29, 2018.
             Slain by a gnoll
             ... wielding a +0 halberd
              (15 damage)
             ... on level 3 of the Dungeon.
             The game lasted 00:11:50 (2719 turns).

Mirai the Conjurer (Deep Elf Conjurer)              Turns: 2719, Time: 00:11:52

Health: -4/24      AC:  2    Str:  5    XL:     4   Next: 62%
Magic:  6/12       EV: 13    Int: 21    God:
Gold:   195        SH:  0    Dex: 15    Spells: 5/11 levels left

rFire    . . .     SeeInvis .   i - +0 spear
rCold    . . .     Gourm    .   (no shield)
rNeg     . . .     Faith    +   a - +0 robe
rPois    .         Spirit   .   (no helmet)
rElec    .         Reflect  .   (no cloak)
rCorr    .         Harm     .   (no gloves)
MR       .....                  (no boots)
Stlth    ++........             q - amulet of faith
HPRegen  0.08/turn              (no ring)
MPRegen  0.13/turn              (no ring)

@: no status effects
A: no striking features
a: no special abilities


You were on level 3 of the Dungeon.
You were not hungry.

You visited 1 branch of the dungeon, and saw 3 of its levels.

You collected 195 gold pieces.

Inventory:

Hand Weapons
 i - a +0 spear (weapon)
 k - a +0 mace
 l - a +0 long sword
 p - a +0 mace
 r - a +0 short sword
 w - a +0 dagger
 A - a +0 hand axe
 C - a cursed -1 club
 D - a +0 dagger
 E - a +0 blowgun
 F - a cursed -2 dagger
 G - a +0 halberd
Missiles
 e - 89 stones
 u - 7 tomahawks of dispersal (quivered)
 y - 7 poisoned needles
Armour
 a - a +0 robe (worn)
 f - a +0 leather armour
 n - a +0 scale mail
 o - a +0 robe
 s - a +0 ring mail
 B - a +1 leather armour of cold resistance
Jewellery
 q - an amulet of faith (around neck)
Scrolls
 d - a scroll of magic mapping {unknown}
 g - 3 scrolls of identify {unknown}
 m - a scroll of remove curse {unknown}
 t - a scroll of blinking {unknown}
 v - 2 scrolls of teleportation {unknown}
Potions
 h - 2 potions of heal wounds {unknown}
 j - 2 potions of might {unknown}
 x - a potion of magic {unknown}
Books
 b - a book of Conjurations

   Spells                             Type                      Level
   a - Magic Dart                     Conjuration                  1
   b - Searing Ray                    Conjuration                  2
   c - Dazzling Spray                 Conjuration/Hexes            3
   d - Fulminant Prism                Conjuration/Hexes            4
   e - Force Lance                    Conjuration/Translocation    4
   f - Iskenderun's Mystic Blast      Conjuration                  4
Comestibles
 c - 2 rations
 z - 7 chunks of flesh


   Skills:
 + Level 3.1 Dodging
 + Level 3.2 Stealth
 + Level 4.0 Spellcasting
 + Level 5.7 Conjurations


You had 5 spell levels left.
You knew the following spells:

 Your Spells              Type           Power        Failure   Level  Hunger
a - Magic Dart            Conj           ####         1%          1    None
b - Searing Ray           Conj           ####..       1%          2    #......
c - Dazzling Spray        Conj/Hex       ###...       11%         3    ###....


Dungeon Overview and Level Annotations

Branches:
Dungeon (3/15)

Altars:
The Shining One


Message History

The gnoll is moderately wounded.
The gnoll misses you.
Casting: Magic Dart
Confirm with . or Enter, or press ? or * to list all spells.
Aiming: Magic Dart
Press: ? - help, Shift-Dir - straight line, f/p - gnoll
Aim: a gnoll, wielding a halberd (moderately wounded)
The magic dart hits the gnoll.
The gnoll is heavily wounded.
The gnoll misses you.
Casting: Magic Dart
Confirm with . or Enter, or press ? or * to list all spells.
Aiming: Magic Dart
Press: ? - help, Shift-Dir - straight line, f/p - gnoll
Aim: a gnoll, wielding a halberd (heavily wounded)
The magic dart hits the gnoll.
The gnoll is almost dead.
The gnoll hits you from afar with a halberd!
Ouch! That really hurt!
You die...

##### ##.#.
#...##g.....
#.>.@.....#
#...####### ###
##.####### #.. #.#
#...# #.# ##.###...##
#.# ####...#.....###.#
#.....#.........#.####
#....................#
#..####.........#.#..#


You could see a gnoll.

Vanquished Creatures
  The ghost of Mirai the Conjurer, a weakling DECj (D:3)
  A gnoll (D:3)
  An adder (D:3)
  2 worms
  2 dart slugs
  3 leopard geckos
  4 orcs (D:3)
  A giant cockroach (D:1)
  4 goblins
  4 hobgoblins
  4 jackals (D:1)
  3 kobolds
  5 bats
  5 frilled lizards
  7 rats
47 creatures vanquished.

Notes
Turn   | Place    | Note
-------+----------+-------------------------------------------
     0 | D:1      | Mirai the Deep Elf Conjurer began the quest for the Orb.
     0 | D:1      | Reached XP level 1. HP: 10/10 MP: 6/6
   156 | D:1      | Reached XP level 2. HP: 15/15 MP: 6/8
   291 | D:1      | Reached skill level 5 in Conjurations
   419 | D:1      | Learned a level 2 spell: Searing Ray
   730 | D:1      | Found a glowing golden altar of the Shining One.
  1221 | D:2      | Reached XP level 3. HP: 16/19 MP: 5/9
  2014 | D:2      | Learned a level 3 spell: Dazzling Spray
  2347 | D:3      | Noticed Mirai's ghost (weakling DECj)
  2357 | D:3      | Killed Mirai's ghost
  2357 | D:3      | Reached XP level 4. HP: 9/24 MP: 5/11
  2719 | D:3      | Slain by a gnoll

Skill      XL: |  1  2  3  4 |
---------------+-------------+-----
Conjurations   | 5 |  5.7
Dodging        | 3 |  3.1
Stealth        | 3 |  3.2
Spellcasting   | 4 |  4.0

Action                   |  1- 3 |  4- 6 || total
-------------------------+-------+-------++-------
Melee: Unarmed           |    10 |       ||    10
       Spear             |       |     1 ||     1
 Cast: Magic Dart        |    76 |    12 ||    88
       Searing Ray       |     1 |     1 ||     2
  Eat: Chunk             |     4 |     1 ||     5
Armor: Robe              |     6 |       ||     6
Dodge: Dodged            |    30 |     4 ||    34
